 Dungeon Crawl Stone Soup version 0.26-a0-639-g72c4674329 (webtiles) character file.

Game seed: 7173422020578321581

8 Apogee the Ruffian (level 2, 0/26 HPs)
             Began as a Ghoul Monk on Sept 16, 2020.
             Slain by a hobgoblin (5 damage)
             ... on level 1 of the Dungeon.
             The game lasted 00:00:31 (349 turns).

Apogee the Ruffian (Ghoul Monk)                      Turns: 349, Time: 00:00:32

Health: 0/26       AC:  2    Str: 14    XL:     2   Next: 8%
Magic:  1/1        EV: 12    Int:  5    God:
Gold:   11         SH:  0    Dex: 11    Spells: 1/1 levels left

rFire    . . .     SeeInvis .     - Unarmed
rCold    + . .     Faith    .   (no shield)
rNeg     + + +     Spirit   .   a - +0 robe
rPois    ∞         Reflect  .   (no helmet)
rElec    .         Harm     .   (no cloak)
rCorr    .         Rampage  .   (no gloves)
MR       .....                  (no boots)
Stlth    ++........             (no amulet)
HPRegen  0.00/turn              (no ring)
MPRegen  0.07/turn              (no ring)

@: no status effects
A: rotting body, claws 1, cold resistance 1, negative energy resistance 3,
inhibited regeneration, torment resistance, unbreathing
a: no special abilities


You were on level 1 of the Dungeon.
You visited 1 branch of the dungeon, and saw 1 of its levels.

You collected 11 gold pieces.

Inventory:

Armour
 a - a +0 robe (worn)
Potions
 b - a potion of flight {unknown}


   Skills:
 + Level 3.4 Fighting
 - Level 2.6 Dodging
 + Level 2.4 Stealth
 * Level 3.6 Unarmed Combat


You had one spell level left.
You didn't know any spells.
Your spell library was empty.

Dungeon Overview and Level Annotations

Branches:
Dungeon (1/15)

Altars:


Innate Abilities, Weirdness & Mutations

Your body is rotting away.
You thrive by killing the living.
You are immune to poison.
You have sharp fingernails.
Your flesh is cold resistant. (rC+)
You are immune to negative energy. (rN+++)
You do not regenerate when monsters are visible.
You are immune to unholy pain and torment.
You can survive without breathing.


Message History

No target in view!
No target in view!
You now have 11 gold pieces.
No target in view!
A giant cockroach comes into view.
A giant cockroach is nearby!
A giant cockroach is nearby!
A hobgoblin comes into view. It is wielding a +0 club.
Found 33 bolts.
A hobgoblin comes into view.
The hobgoblin shouts! x2
The giant cockroach bites you.
You scratch the hobgoblin. The giant cockroach barely misses you.
The hobgoblin closely misses you.
You scratch the hobgoblin but do no damage.
The giant cockroach barely misses you. The hobgoblin barely misses you.
The giant cockroach bites you but does no damage.
You claw the hobgoblin!
You kill the hobgoblin!
You have reached level 2!
The giant cockroach bites you but does no damage.
You barely miss the giant cockroach. The giant cockroach bites you.
You closely miss the hobgoblin. The giant cockroach bites you.
The hobgoblin hits you.
You barely miss the hobgoblin. The giant cockroach barely misses you.
The hobgoblin closely misses you.
You scratch the hobgoblin. The giant cockroach misses you.
The hobgoblin hits you.
You barely miss the hobgoblin. The giant cockroach barely misses you.
The hobgoblin closely misses you.
You closely miss the hobgoblin.
The giant cockroach bites you but does no damage.
The hobgoblin hits you.
* * * LOW HITPOINT WARNING * * *
The giant cockroach bites you.
* * * LOW HITPOINT WARNING * * *
You scratch the giant cockroach. The giant cockroach closely misses you.
You barely miss the hobgoblin.
The giant cockroach bites you but does no damage.
The hobgoblin hits you.
* * * LOW HITPOINT WARNING * * *
You scratch the hobgoblin but do no damage.
You scratch the giant cockroach.
You kill the giant cockroach!
You feel better.
You closely miss the hobgoblin. Your claw misses the hobgoblin.
The hobgoblin misses you.
You closely miss the hobgoblin. The hobgoblin barely misses you.
You closely miss the hobgoblin. The hobgoblin hits you.
You die...

#>..#.^......... ..
#..#..#.#.......
.#.##....##.####....
.. #.........## ..#
#....
..##...#...#.###.##
#....
#..........#.##..##
#.### #......
#.##......# #.##
..(.... #.........#
#..# .......
#@........# ##.#
##..)##.g.......#
#.#
#.......##...)..#
#.#
..........###.....#
#.# ..#.......#
#.....# #.#
#.......# #.....#
#.# #.......#
#.....# #.#
#.......# #.....#
#)# #.......#
####.######.##


You could see a hobgoblin.

Vanquished Creatures
  A giant cockroach (D:1)
  A goblin (D:1)
  A hobgoblin (D:1)
  A kobold (D:1)
  2 bats (D:1)
  2 rats (D:1)
8 creatures vanquished.

Notes
Turn   | Place    | Note
-------+----------+-------------------------------------------
     0 | D:1      | Apogee the Ghoul Monk began the quest for the Orb.
     0 | D:1      | Reached XP level 1. HP: 19/19 MP: 0/0
   333 | D:1      | Reached XP level 2. HP: 25/26 MP: 1/1
   349 | D:1      | Slain by a hobgoblin

Illustrated notes

Levels and vault maps discovered:
D:1:      lemuel_arrival_muddy, layout_rooms, minmay_tromino_v2

Action                   || total
-------------------------++-------
Melee: Unarmed           ||    33
 Stab: Sleeping          ||     2
Armor: Robe              ||    12
Dodge: Dodged            ||    31

Table legend: (Time is in decaauts)
 A = Elapsed time spent in this place.
 B = Non-inter-level travel time spent in this place.
 C = Inter-level travel time spent in this place.
 D = Time resting spent in this place.
 E = Time spent auto-exploring this place.
 F = Levels seen in this place.
 G = Mean time per level.
                   A        B        C        D        E       F      G
               +--------+--------+--------+--------+--------+-----+--------+
         Total |    347 |    347 |      0 |      0 |    270 |   1 |  347.0 |
       Dungeon |    347 |    347 |      0 |      0 |    270 |   1 |  347.0 |
               +--------+--------+--------+--------+--------+-----+--------+

Top non-repeatable levels by time:
     D:1: 347 daAuts
